 Dungeon Crawl Stone Soup version 0.28.0 (webtiles) character file.

Game seed: 17677872313821792362

1183 Akaron the Digger (level 8, -4/48 HPs)
             Began as an Octopode Earth Elementalist on Feb 6, 2022.
             Killed from afar by an orc wizard (10 damage)
             ... with a magic dart
             ... on level 4 of the Dungeon.
             The game lasted 00:12:57 (4558 turns).

Akaron the Digger (Octopode Earth Elementalist)     Turns: 4558, Time: 00:12:58

Health: -4/48      AC:  1    Str:  7    XL:     8   Next: 42%
Magic:  11/16      EV: 13    Int: 20    God:
Gold:   161        SH:  0    Dex: 12    Spells: 12/18 levels left

rFire   . . .      SeeInvis .   e - staff of cold
rCold   + . .      Faith    .   (no shield)
rNeg    . . .      Spirit   .   (helmet restricted)
rPois   .          Reflect  .   (no amulet)
rElec   .          Harm     .   (no ring)
rCorr   .          Rampage  .   (no ring)
Will    .....                   (no ring)
Stlth   ++........              (no ring)
HPRegen 0.16/turn               (no ring)
MPRegen 0.15/turn               (no ring)
                                (no ring)
                                (no ring)

@: confused
A: almost no armour, amphibious, 8 rings, camouflage 1, gelatinous body 1,
(nimble swimmer 1), tentacles
a: no special abilities


You were on level 4 of the Dungeon.
You visited 1 branch of the dungeon, and saw 4 of its levels.
You also visited: Ossuary.

You collected 161 gold pieces.

Inventory:

Hand Weapons
 u - a +5 halberd
Missiles
 b - 43 stones
 d - 2 atropa-tipped darts
 k - 6 poisoned darts
Magical Staves
 e - a staff of cold (weapon)
Wands
 l - a wand of charming (20)
Scrolls
 a - 2 scrolls of fog
 c - 3 scrolls of identify {unknown}
 g - 2 scrolls of noise {unknown}
 j - a scroll of summoning {unknown}
 m - a scroll of fear {unknown}
 n - a scroll of teleportation {unknown}
 r - a scroll of brand weapon {unknown}
 t - a scroll of immolation {unknown}
Potions
 f - 2 potions of attraction {unknown}
 h - a potion of invisibility {unknown}
 i - a potion of brilliance {unknown}
 o - a potion of cancellation {unknown}
 p - a potion of ambrosia {unknown}
 q - a potion of flight {unknown}
 s - a potion of berserk rage {unknown}


   Skills:
 + Level 1.0 Fighting
 + Level 1.8 Staves
 + Level 2.4 Dodging
 - Level 2.6 Stealth
 + Level 0.8 Unarmed Combat
 + Level 5.9 Spellcasting
 + Level 3.4 Conjurations
 * Level 2.2 Transmutations
 + Level 6.1 Earth Magic


You had 12 spell levels left.
You knew the following spells:

 Your Spells              Type           Power      Damage    Failure   Level
a - Sandblast             Erth           60%        2d14      1%          1
b - Passwall              Tmut/Erth      18%        N/A       3%          2
c - Stone Arrow           Conj/Erth      50%        3d10      4%          3

Your spell library contained the following spells:

 Spells                   Type           Power      Damage    Failure   Level
 Foxfire                  Conj/Fire      48%        2x1d6     5%          1
 Shock                    Conj/Air       48%        1d6       5%          1
 Sting                    Tmut/Pois      40%        1d5       7%          1
 Poisonous Vapours        Pois/Air       10%        N/A       16%         2
 Conjure Flame            Conj/Fire      12%        6-21      16%         3
 Petrify                  Tmut/Erth      22%        N/A       19%         4
 Inner Flame              Hex/Fire       5%         N/A       32%         3
 Swiftness                Air            5%         N/A       32%         3
 Flame Wave               Conj/Fire      12%        2d6       45%         4
 Airstrike                Air            2%         N/A       71%         4
 Olgreb's Toxic Radiance  Pois           5%         N/A       71%         4


Dungeon Overview and Level Annotations

Branches:
Dungeon (4/15)            Ossuary (visited)
 Temple: D:4-7

Altars:


Innate Abilities, Weirdness & Mutations

You cannot wear most types of armour.
You are amphibious.
You can wear up to eight rings at the same time.
Your skin changes colour to match your surroundings (Stealth+).
Your rubbery body absorbs attacks. (AC +1, EV +1)
((You are camouflaged when in or above water. (Stealth+)))
You have tentacles for arms and can constrict up to eight enemies at once.


Message History

A magic dart appears from out of thin air!
The magic dart hits you.
You closely miss something. Your squeeze misses something. Something hits you.
You closely miss something. Something hits you.
You hit something. Something hits you.
You hit something. Your squeeze misses something. Something hits you.
You barely miss something.
You hear some strange, mumbled words.
You are confused.
You miss something. Your squeeze misses something. Something hits you.
You hear some strange, mumbled words.
A puff of flame appears from out of thin air!
The puff of flame hits you!
Things that are here:
a +0 dagger; a +0 robe; an orc corpse You're too confused to move!
Something barely misses you.
You bump into the stone wall.
You hear some strange, mumbled words.
A magic dart appears from out of thin air!
The magic dart hits you!
* * * LOW HITPOINT WARNING * * *
You miss something.
You feel less confused.
You hear some strange, mumbled words.
You are confused.
You bump into the stone wall.
You hear some strange, mumbled words.
You are more confused.
You bump into the stone wall.
Something hits you.
* * * LOW HITPOINT WARNING * * *
You're too confused to cast spells.
You bump into the stone wall.
Something hits you.
* * * LOW HITPOINT WARNING * * *
You barely miss something. Something hits you.
* * * LOW HITPOINT WARNING * * *
You're too confused to move!
You hear some strange, mumbled words.
A magic dart appears from out of thin air!
The magic dart hits you!
You die...

...##... . ......#
.## .....#### .)#
#.......# #.#
#..######### #.#
#..#.'.#.'.# #.#
...###'#'### #.#
#..#.'...'.#####{#
#..###...###...#@#
#..#.'...'.#...#.#
..##.#'#'###...#.#
...#.#.#.'.#...#.#
...#'#######...#.#
..##...#.#.......#
..[....#.........#
..##...##........#
..##...###...##..#


There were no monsters in sight!

Vanquished Creatures
  Grinder (D:4)
  2 wraiths (Ossuary)
  A necrophage (D:4)
  An ogre (D:4)
  2 scorpions (D:4)
  2 wights (Ossuary)
  A centaur skeleton (D:2)
  3 human skeletons (D:4)
  Natasha (D:4)
  An orc wizard (D:4)
  6 adders
  An adder skeleton (D:4)
  3 worms
  2 dart slugs
  9 orcs
  5 ball pythons
  6 bats
  7 endoplasms
  7 giant cockroaches
  5 hobgoblins
  2 jackals (D:3)
  8 kobolds
  4 quokkas
  2 frilled lizards
  8 goblins
  3 hobgoblin skeletons (Ossuary)
  3 hobgoblin zombies (Ossuary)
  4 orc skeletons
  3 orc zombies
  8 rats
111 creatures vanquished.

Notes
Turn   | Place    | Note
-------+----------+-------------------------------------------
     0 | D:1      | Akaron the Octopode Earth Elementalist began the quest for
                  | the Orb.
     0 | D:1      | Reached XP level 1. HP: 11/11 MP: 3/3
   413 | D:1      | Reached XP level 2. HP: 17/17 MP: 1/5
   905 | D:1      | Found a faded altar of an unknown god.
   918 | D:2      | Learned a level 2 spell: Passwall
   924 | D:2      | Reached XP level 3. HP: 16/21 MP: 3/6
  1144 | D:2      | Reached XP level 4. HP: 27/27 MP: 3/8
  1355 | D:2      | Learned a level 3 spell: Stone Arrow
  1468 | D:2      | Reached skill level 1 in Conjurations
  1622 | D:2      | Reached skill level 4 in Earth Magic
  1946 | D:3      | Reached XP level 5. HP: 31/31 MP: 7/9
  2891 | D:4      | Reached XP level 6. HP: 24/36 MP: 3/11
  3187 | D:4      | Noticed Grinder
  3192 | D:4      | Killed Grinder
  3193 | D:4      | Reached skill level 5 in Earth Magic
  3193 | D:4      | Reached XP level 7. HP: 23/41 MP: 8/14
  3417 | D:4      | Found a sand-covered staircase.
  3437 | D:4      | Reached skill level 5 in Spellcasting
  3444 | Ossuary  | Entered an ossuary
  3763 | Ossuary  | Noticed a flying skull
  3763 | Ossuary  | Noticed a wraith
  3770 | Ossuary  | Noticed a flying skull
  3832 | Ossuary  | Noticed a flying skull
  3839 | Ossuary  | Noticed a flying skull
  3840 | Ossuary  | Noticed a wraith
  3843 | Ossuary  | Killed a wraith
  3844 | Ossuary  | Reached skill level 1 in Staves
  3923 | Ossuary  | Noticed a wraith
  3927 | Ossuary  | Killed a wraith
  3928 | Ossuary  | Reached XP level 8. HP: 32/47 MP: 3/16
  4246 | D:4      | Reached skill level 1 in Fighting
  4379 | D:4      | Noticed Natasha
  4385 | D:4      | Reached skill level 6 in Earth Magic
  4388 | D:4      | Killed Natasha
  4558 | D:4      | Killed from afar by an orc wizard

Illustrated notes

Levels and vault maps discovered:
D:1:      lightli_arrival_noodles, layout_rooms, basic_ecumenical_altar
D:2:      kb_forest_paths, layout_loops_cross
D:3:      layout_rooms, minmay_three_crescents
D:4:      layout_rooms, minmay_temple_entry_mist,
          nicolae_ossuary_entry_catacombs, minmay_crystal_water,
          chequers_serial_rivers_micro_a, uniq_grinder, uniq_natasha

Skill      XL: |  1  2  3  4  5  6  7  8 |
---------------+-------------------------+-----
Spellcasting   | 3 4 5 |  5.9
Conjurations   | 1 2 3 |  3.4
Earth Magic    | 4 5 6 |  6.1
Staves         | 1 |  1.8
Fighting       | 1 |  1.0
Transmutations | 2 |  2.2
Dodging        | |  2.4
Stealth        | |  2.6
Unarmed Combat | |  0.8

Action                   |  1- 3 |  4- 6 |  7- 9 || total
-------------------------+-------+-------+-------++-------
Melee: Unarmed           |     9 |       |       ||     9
       Constrict         |     2 |     2 |    10 ||    14
       Tentacles         |     1 |     1 |     6 ||     8
       Staff             |       |    15 |    41 ||    56
       Punch             |       |     2 |     1 ||     3
 Cast: Sandblast         |    30 |    89 |    15 ||   134
       Stone Arrow       |       |       |    28 ||    28
  Use: Scroll            |       |       |     1 ||     1
 Stab: Sleeping          |       |     2 |     5 ||     7
Armor: Skin              |     1 |     7 |     2 ||    10
Dodge: Dodged            |    15 |    34 |    23 ||    72
